 Dungeon Crawl Stone Soup version 0.27-a0-594-g2aaa8dbbc2 (webtiles) character file.

Game seed: 7395385609957710717

116 Azunone the Chucker (level 4, 0/44 HPs)
             Began as a Troll Hunter on Mar 11, 2021.
             Slain by Grinder (4 damage)
             ... on level 3 of the Dungeon.
             The game lasted 00:07:48 (2016 turns).

Azunone the Chucker (Troll Hunter)                  Turns: 2016, Time: 00:07:48

Health: 0/44       AC:  7    Str: 21    XL:     4   Next: 70%
Magic:  0/3        EV: 10    Int:  7    God:
Gold:   156        SH:  0    Dex: 10    Spells: 1/3 levels left

rFire    . . .     SeeInvis .   j - +0 dagger (speed)
rCold    . . .     Faith    .   (no shield)
rNeg     . . .     Spirit   +   b - +0 robe
rPois    .         Reflect  .   (helmet restricted)
rElec    .         Harm     .   o - +2 cloak
rCorr    .         Rampage  .   (gloves unavailable)
Will     .....                  (boots unavailable)
Stlth    +.........             g - amulet of guardian spirit
HPRegen  1.14/turn              k - ring of wizardry
MPRegen  0.08/turn              (no ring)

@: no status effects
A: large, unfitting armour, claws 3, regeneration 1, shaggy fur 1, tough skin 1
a: no special abilities


You were on level 3 of the Dungeon.
You visited 1 branch of the dungeon, and saw 3 of its levels.

You collected 156 gold pieces.

Inventory:

Hand Weapons
 j - a +0 dagger of speed (weapon)
 m - a +0 club
 r - a +3 hunting sling
Missiles
 c - 5 large rocks (quivered)
 d - 2 throwing nets
Armour
 b - a +0 robe (worn)
 o - a +2 cloak (worn)
Jewellery
 g - an amulet of guardian spirit (around neck)
 k - a ring of wizardry (right claw)
Scrolls
 a - a scroll of enchant armour {unknown}
 f - a scroll of magic mapping {unknown}
 i - 3 scrolls of enchant weapon {unknown}
 l - a scroll of fog {unknown}
 q - 3 scrolls of identify {unknown}
Potions
 e - a potion of magic {unknown}
 n - a potion of brilliance {unknown}
 p - a potion of invisibility {unknown}
 s - a potion of haste {unknown}
 t - a potion of ambrosia {unknown}


   Skills:
 + Level 2.5 Fighting
 * Level 1.0 Maces & Flails
 + Level 4.3 Throwing
 + Level 2.5 Dodging
 - Level 0.3 Stealth


You had one spell level left.
You knew the following spells:

 Your Spells              Type           Power      Damage    Failure   Level
a - Blink                 Tloc           N/A        N/A       26%         2

Your spell library contained the following spells:

 Spells                   Type           Power      Damage    Failure   Level
 Magic Dart               Conj           0%         1d3       19%         1
 Call Imp                 Summ           0%         N/A       26%         2
 Slow                     Hex            0%         N/A       26%         2
 Confusing Touch          Hex            0%         N/A       45%         3
 Conjure Flame            Conj/Fire      0%         6-21      45%         3
 Gell's Gravitas          Tloc           0%         N/A       45%         3
 Mephitic Cloud           Conj/Pois/Air  0%         N/A       45%         3
 Petrify                  Tmut/Erth      0%         N/A       86%         4
 Metabolic Englaciation   Hex/Ice        0%         N/A       99%         5
 Yara's Violent Unravell  Hex/Tmut       0%         3d3       99%         5


Dungeon Overview and Level Annotations

Branches:
Dungeon (3/15)

Altars:

Annotations:
D:3 Grinder


Innate Abilities, Weirdness & Mutations

You are too large for most types of armour.
You have claws for hands.
Your natural rate of healing is unusually fast.
You are covered in fur. (AC +1)
You have tough skin. (AC +1)


Message History

You hit Grinder but do no damage.
Grinder blinks!
Grinder blinks!
You hit Grinder but do no damage. Grinder barely misses you.
You hit Grinder.
Grinder is lightly wounded.
You hit Grinder.
Grinder is lightly wounded.
Grinder hits you.
You writhe in agony.
You barely miss Grinder.
Grinder is lightly wounded.
Grinder gestures at you.
You suddenly lose the ability to move!
Grinder hits you!
You writhe in agony.
Grinder says, "You look like you could use a good racking."
Grinder hits you.
You writhe in agony.
Grinder hits you!
You writhe in agony.
* * * LOW HITPOINT WARNING * * *
Grinder hits you but does no damage. Grinder hits you.
* * * LOW HITPOINT WARNING * * *
You writhe in agony.
* * * LOW HITPOINT WARNING * * *
Grinder hits you.
* * * LOW HITPOINT WARNING * * *
You writhe in agony.
* * * LOW HITPOINT WARNING * * *
You can move again.
You feel better. Grinder hits you but does no damage.
Okay, then.
You are too injured to fight recklessly!
You hit Grinder.
Grinder is lightly wounded.
You closely miss Grinder.
Grinder is lightly wounded.
Grinder hits you!
* * * LOW HITPOINT WARNING * * *
You closely miss Grinder.
Grinder is lightly wounded.
Grinder hits you.
You die...

#...# ##...###
#......#
#.#.##.# #.#.
#.# #... #.#
#.## #.########
#...##.$......#
#...5@.######.#
.........#
#####.#### #= #


You could see Grinder.

Vanquished Creatures
  Robin (D:2)
  4 adders (D:2)
  An ooze (D:2)
  2 worms (D:2)
  2 dart slugs (D:1)
  A leopard gecko (D:2)
  An orc (D:3)
  A giant cockroach (D:1)
  13 goblins
  6 hobgoblins
  5 kobolds
  2 quokkas
  2 ball pythons (D:3)
  5 bats
  A frilled lizard (D:2)
  7 rats
54 creatures vanquished.

Notes
Turn   | Place    | Note
-------+----------+-------------------------------------------
     0 | D:1      | Azunone the Troll Hunter began the quest for the Orb.
     0 | D:1      | Reached XP level 1. HP: 19/19 MP: 0/0
   192 | D:1      | Reached XP level 2. HP: 28/28 MP: 1/1
   813 | D:2      | Reached XP level 3. HP: 35/35 MP: 2/2
   857 | D:2      | Noticed Robin
   859 | D:2      | Reached skill level 4 in Throwing
   902 | D:2      | Killed Robin
  1266 | D:2      | Reached XP level 4. HP: 44/44 MP: 1/3
  1822 | D:3      | Reached skill level 1 in Maces & Flails
  1990 | D:3      | Learned a level 2 spell: Blink
  1997 | D:3      | Noticed Grinder
  2006 | D:3      | Paralysed by Grinder for 6 turns
  2012 | D:3      | HP: 1/44 [Grinder (4)]
  2016 | D:3      | Slain by Grinder

Illustrated notes

Levels and vault maps discovered:
D:1:      dpeg_arrival_boxorama, layout_loops_cross
D:2:      layout_loops_corners, uniq_robin
D:3:      layout_loops_cross, uniq_grinder

Skill      XL: |  1  2  3  4 |
---------------+-------------+-----
Fighting       | 2 |  2.5
Dodging        | 2 |  2.5
Throwing       | 4 |  4.3
Maces & Flails | 1 |  1.0
Stealth        | |  0.3

Action                   |  1- 3 |  4- 6 || total
-------------------------+-------+-------++-------
Melee: Short sword       |    56 |       ||    56
       Dagger            |   152 |   124 ||   276
Throw: Large rock        |     1 |       ||     1
  Use: Potion            |       |     1 ||     1
 Stab: Sleeping          |     1 |     1 ||     2
Armor: Robe              |    56 |    44 ||   100
Dodge: Dodged            |    69 |    45 ||   114

Table legend: (Time is in decaauts)
 A = Elapsed time spent in this place.
 B = Non-inter-level travel time spent in this place.
 C = Inter-level travel time spent in this place.
 D = Time resting spent in this place.
 E = Time spent auto-exploring this place.
 F = Levels seen in this place.
 G = Mean time per level.
                   A        B        C        D        E       F      G
               +--------+--------+--------+--------+--------+-----+--------+
         Total |   1928 |   1866 |     62 |      0 |   1380 |   3 |  642.7 |
       Dungeon |   1928 |   1866 |     62 |      0 |   1380 |   3 |  642.7 |
               +--------+--------+--------+--------+--------+-----+--------+

Top non-repeatable levels by time:
     D:2: 969 daAuts
     D:1: 769 daAuts
     D:3: 189 daAuts
